 Dungeon Crawl Stone Soup version 0.27-a0-909-g0721f309d1 (webtiles) character file.

Game seed: 1691342173217190344

3053 leviel the Fighter (level 9, -5/90 HPs)
             Began as a Hill Orc Fighter on Apr 8, 2021.
             Was a Follower of Okawaru.
             Slain by an ogre
             ... wielding a +0 giant spiked club
              (22 damage)
             ... on level 6 of the Dungeon.
             The game lasted 00:16:38 (10071 turns).

leviel the Fighter (Hill Orc Fighter)              Turns: 10071, Time: 00:16:38

Health: -5/90      AC: 11    Str: 22    XL:     9   Next: 87%
Magic:  11/11      EV: 10    Int:  8    God:    Okawaru [*.....]
Gold:   209        SH:  0    Dex: 16    Spells: 8/8 levels left

rFire    + . .     SeeInvis +   a - +0 triple sword
rCold    . . .     Faith    .   (shield currently unavailable)
rNeg     . . .     Spirit   .   p - +1 scale mail {rF+}
rPois    .         Reflect  .   (no helmet)
rElec    .         Harm     .   n - +1 cloak
rCorr    .         Rampage  .   s - +0 pair of gloves
Will     .....                  (no boots)
Stlth    ..........             (no amulet)
HPRegen  0.25/turn              m - ring of see invisible
MPRegen  0.12/turn              i - +6 ring of dexterity

@: no status effects
A: no striking features
a: Renounce Religion, Heroism


You were on level 6 of the Dungeon.
You worshipped Okawaru.
Okawaru was aware of your devotion.
You visited 2 branches of the dungeon, and saw 8 of its levels.

You collected 209 gold pieces.

Inventory:

Hand Weapons
 a - a +0 triple sword (weapon)
 y - a +0 long sword
Missiles
 d - a throwing net
 j - 13 poisoned darts (quivered)
 k - 5 curare-tipped darts
Armour
 n - a +1 cloak (worn)
 p - a +1 scale mail of fire resistance (worn)
 s - a +0 pair of gloves (worn)
Jewellery
 i - a +6 ring of dexterity (right hand)
 m - a ring of see invisible (left hand)
 q - a +6 ring of intelligence
 u - an amulet of faith
 v - a ring of wizardry
Wands
 o - a wand of mindburst (12)
 r - a wand of polymorph (8)
 w - a wand of flame (19)
Scrolls
 b - a scroll of blinking
 e - a scroll of magic mapping
 f - 3 scrolls of teleportation
 g - 2 scrolls of identify
 h - a scroll of torment {unknown}
 l - 4 scrolls of enchant armour
 t - a scroll of amnesia
 x - a scroll of acquirement {unknown}


   Skills:
 - Level 11.6 Fighting
 + Level 7.5 Long Blades
 * Level 2.4 Throwing
 - Level 3.2 Armour
 + Level 1.7 Dodging
 - Level 6.1 Shields
 + Level 3.5 Invocations


You had 8 spell levels left.
You didn't know any spells.
Your spell library contained the following spells:

 Spells                   Type           Power      Damage    Failure   Level
 Animate Skeleton         Necr           0%         N/A       75%         1
 Apportation              Tloc           0%         N/A       75%         1
 Corona                   Hex            0%         N/A       75%         1
 Summon Small Mammal      Summ           0%         N/A       75%         1
 Confusing Touch          Hex            0%         N/A       98%         3
 Gell's Gravitas          Tloc           0%         N/A       98%         3
 Petrify                  Tmut/Erth      0%         N/A       100%        4
 Metabolic Englaciation   Hex/Ice        0%         N/A       100%        5
 Yara's Violent Unravell  Hex/Tmut       0%         3d3       100%        5


Dungeon Overview and Level Annotations

Branches:
Dungeon (7/15)             Temple (1/1) D:6

Altars:
Ashenzari
Cheibriados
Elyvilon
Fedhas
Gozag
Hepliaklqana
Kikubaaqudgha
Okawaru
Qazlal
Ru
Sif Muna
Uskayaw
Vehumet
Wu Jian
Yredelemnul
Zin
The Shining One

Shops:
D:3 *

Annotations:
D:3 3 runed translucent doors, dolemite99's ghost, amateur DsFi
D:5 1 runed translucent door, Crazy Yiuf


Message History

HP restored.
You climb downwards.
The ogre closely misses you.
You riposte.
You hit the ogre.
The ogre is lightly wounded.
The wraith completely misses you.
The ogre hits you with a +0 giant spiked club.
There is a stone staircase leading up here.
The kobold demonologist miscasts a cantrip.
The wraith hits you but does no damage.
The orc warrior hits you with a +0 scimitar.
You climb upwards.
There is a stone staircase leading down here.
The orc warrior hits you with a +0 scimitar.
The wraith hits you. The wraith drains your vigour!
You feel yourself slow down.
The ogre hits you with a +0 giant spiked club.
The orc warrior hits you with a +0 scimitar!
The orc warrior hits you with a +0 scimitar.
The orc warrior hits you with a +0 scimitar!
The ogre closely misses you. The orc warrior barely misses you.
The ogre closely misses you.
You closely miss the ogre.
The ogre is lightly wounded.
The ogre hits you with a +0 giant spiked club.
The ogre hits you with a +0 giant spiked club!
The orc warrior hits you with a +0 scimitar!
You feel yourself speed up.
The ogre hits you with a +0 giant spiked club!
* * * LOW HITPOINT WARNING * * *
There is a stone staircase leading down here.
It was a potion of magic.
Magic courses through your body.
The orc warrior hits you with a +0 scimitar.
* * * LOW HITPOINT WARNING * * *
You slice the orc warrior!!
The orc warrior is severely wounded.
The orc warrior hits you with a +0 scimitar.
* * * LOW HITPOINT WARNING * * *
The ogre hits you with a +0 giant spiked club!!
You die...

#........##....>.####....##
### ##..##...#.......##
#.....#
##.###...........###.....#
### #...................#
##......##(.......###
#....[..###.#.....####
##......#####.##.....##
###.....##.#.........#
#......@oW.#...#.###
#####..#O..####### ##.##..#
####.## ###


You could see a wraith, an orc warrior and an ogre.

Vanquished Creatures
  Menkaure (D:6)
  A water moccasin (D:5)
  An orc warrior (D:7)
  3 black bears
  2 necrophages
  2 ogres (D:5)
  3 sky beasts
  2 phantoms
  A bullfrog (D:7)
  A wyvern skeleton (D:7)
  A water moccasin zombie (D:4)
  A water moccasin skeleton (D:7)
  4 electric eels (D:6)
  4 howler monkeys
  2 centaur zombies (D:4)
  5 bullfrog zombies
  3 orc priests
  2 hounds
  2 jellies
  3 bullfrog skeletons
  4 centaur skeletons (D:4)
  A gnoll shaman (D:4)
  An iguana (D:6)
  6 orc wizards
  A scorpion zombie (D:4)
  A killer bee zombie (D:7)
  3 hound zombies (D:4)
  3 hound skeletons (D:4)
  5 gnolls
  8 adders
  A shadow imp (D:5)
  2 white imps (D:6)
  An ufetubus (D:6)
  4 adder zombies (D:4)
  3 adder skeletons (D:4)
  2 worms (D:3)
  16 orcs
  2 ball pythons (D:4)
  4 endoplasms
  3 giant cockroaches
  8 goblins
  4 hobgoblins
  A jackal (D:4)
  6 kobolds
  3 quokkas
  5 bats
  2 frilled lizards
  7 rats
151 creatures vanquished.

Vanquished Creatures (others)
  2 fungi (D:3)
  22 plants
  2 withered plants (D:4)
26 creatures vanquished.

Grand Total: 177 creatures vanquished

Notes
Turn   | Place    | Note
-------+----------+-------------------------------------------
     0 | D:1      | leviel the Hill Orc Fighter began the quest for the Orb.
     0 | D:1      | Reached XP level 1. HP: 19/19 MP: 1/1
   467 | D:1      | Reached skill level 4 in Fighting
   467 | D:1      | Reached XP level 2. HP: 24/27 MP: 2/2
  1144 | D:2      | Found a faded altar of an unknown god.
  1554 | D:2      | Found a broken altar of Ashenzari.
  1912 | D:2      | Reached XP level 3. HP: 33/34 MP: 3/3
  1922 | D:2      | Reached skill level 5 in Fighting
  2517 | D:3      | Reached XP level 4. HP: 43/44 MP: 4/4
  2664 | D:3      | Reached skill level 6 in Fighting
  2999 | D:3      | Found Zin's Purification Station.
  3000 | D:3      | Found a glowing silver altar of Zin.
  3267 | D:3      | Found a runed translucent gate.
  3268 | D:3      | Found a runed translucent gate.
  3269 | D:3      | Found a runed translucent gate.
  3269 | D:3      | Noticed dolemite99's ghost (amateur DsFi)
  3272 | D:3      | Noticed a kobold brigand
  3566 | D:4      | Reached XP level 5. HP: 41/51 MP: 5/5
  3573 | D:4      | Reached skill level 7 in Fighting
  3792 | D:4      | Reached XP level 6. HP: 54/61 MP: 6/6
  3998 | D:4      | Reached skill level 8 in Fighting
  4250 | D:4      | Reached skill level 9 in Fighting
  4250 | D:4      | Reached XP level 7. HP: 67/70 MP: 7/7
  4380 | D:4      | Reached skill level 10 in Fighting
  5244 | D:5      | Entered Level 5 of the Dungeon
  5284 | D:5      | Reached XP level 8. HP: 75/81 MP: 8/8
  5292 | D:5      | Reached skill level 11 in Fighting
  5908 | D:5      | Found a hazy altar of Hepliaklqana.
  6066 | D:5      | Found a runed translucent door.
  6067 | D:5      | Noticed Crazy Yiuf
  6249 | D:5      | Reached skill level 5 in Long Blades
  6533 | D:5      | Found a snail-covered altar of Cheibriados.
  6646 | D:6      | Noticed Menkaure
  6655 | D:6      | Killed Menkaure
  6825 | D:6      | Reached XP level 9. HP: 90/90 MP: 9/9
  7651 | D:6      | Found a staircase to the Ecumenical Temple.
  8977 | D:6      | Reached skill level 5 in Shields
  9229 | D:6      | Found a sacrificial altar of Ru.
  9229 | D:6      | Found an ornate altar of the Wu Jian Council.
  9298 | Temple   | Entered the Ecumenical Temple
  9359 | Temple   | Became a worshipper of Warmaster Okawaru
  9389 | D:7      | Reached skill level 1 in Invocations
  9670 | D:7      | Reached skill level 1 in Dodging
  9674 | D:7      | Reached * piety under Okawaru
  9675 | D:7      | Reached skill level 1 in Throwing
  9814 | D:7      | Noticed a kobold demonologist
 10071 | D:6      | Slain by an ogre

Illustrated notes

Levels and vault maps discovered:
D:1:      tarquinn_simple_flora_water_e, layout_basic, serial_glass,
          glass_columns_a, glass_columns_c, minmay_misc_feat_pillars
D:2:      layout_basic, chequers_ecumenical_altar_island, basic_altar,
          chequers_serial_rivers_small_3, minmay_bisected
D:3:      kb_forest_paths, layout_basic, zin_purify,
          gammafunk_ghost_nasty_kobolds
D:4:      minmay_angry_zag, layout_loops_ring, serial_undead, serial_undead_e,
          serial_undead_f, serial_undead_d, serial_undead_c, serial_undead_d,
          serial_undead_e, serial_undead_f
D:5:      layout_rooms, lemuel_doored_altar, old_standard_altar,
          chequers_ossuary_entry_cave, uniq_crazy_yiuf_cottage
D:6:      layout_cave_pools, gammafunk_temple_overflow_elements,
          minmay_temple_entry_butterflies, serial_bayou, serial_bayou_pond_a,
          serial_bayou_lagoon_b, serial_bayou_pond_b, serial_bayou_pond_a,
          serial_bayou_pond_a, moated_statue, uniq_menkaure
D:7:      layout_rooms, general_overflow_altar, hangedman_minor_gate_pass
Temple:   nicolae_temple_x_marks_the_god

Skill      XL: |  1  2  3  4  5  6  7  8  9 |
---------------+----------------------------+-----
Fighting       | 4 5 6 7 9 10 11 | 11.6
Long Blades    | 6 7 |  7.5
Shields        | 6 |  6.1
Invocations    | 3 |  3.5
Dodging        | 1 |  1.7
Throwing       | 2 |  2.4
Armour         | |  3.2

Action                   |  1- 3 |  4- 6 |  7- 9 || total
-------------------------+-------+-------+-------++-------
Melee: Long sword        |   111 |   154 |   369 ||   634
       Triple sword      |       |       |    35 ||    35
Throw: Dart              |       |       |     6 ||     6
  Use: Scroll            |       |     8 |     1 ||     9
       Potion            |       |       |     8 ||     8
 Stab: Invisible         |       |       |     3 ||     3
Armor: Scale mail        |    60 |    86 |   238 ||   384
       Skin              |       |       |     3 ||     3
Dodge: Dodged            |    25 |    58 |   172 ||   255
Block: Kite shield       |    61 |   101 |   250 ||   412
       Rpst.: Long sword |     9 |    19 |    29 ||    57
       Triple sword      |       |       |    13 ||    13

Table legend: (Time is in decaauts)
 A = Elapsed time spent in this place.
 B = Non-inter-level travel time spent in this place.
 C = Inter-level travel time spent in this place.
 D = Time resting spent in this place.
 E = Time spent auto-exploring this place.
 F = Levels seen in this place.
 G = Mean time per level.
                   A        B        C        D        E       F      G
               +--------+--------+--------+--------+--------+-----+--------+
         Total |  10427 |  10196 |    231 |   3702 |   4856 |   8 | 1303.4 |
       Dungeon |  10361 |  10131 |    230 |   3702 |   4806 |   7 | 1480.1 |
        Temple |     65 |     65 |      0 |      0 |     50 |   1 |   65.0 |
               +--------+--------+--------+--------+--------+-----+--------+

Top non-repeatable levels by time:
     D:5: 2327 daAuts
     D:4: 2207 daAuts
     D:6: 1726 daAuts
     D:2: 1526 daAuts
     D:3: 1095 daAuts
     D:1: 1023 daAuts
     D:7: 454 daAuts
  Temple: 65 daAuts
